 Dungeon Crawl Stone Soup version 0.28.0 (webtiles) character file.

Game seed: 799469352066851487

32 browni3141 the Skirmisher (level 3, 0/33 HPs)
             Began as a Minotaur Berserker on Feb 16, 2022.
             Was a Believer of Trog.
             Slain by an orc (7 damage)
             ... on level 2 of the Dungeon.
             The game lasted 00:00:24 (1268 turns).

browni3141 the Skirmisher (Minotaur Berserker)      Turns: 1268, Time: 00:00:25

Health: 0/33       AC:  2    Str: 23    XL:     3   Next: 8%
Magic:  2/2        EV: 12    Int:  4    God:    Trog [**....]
Gold:   45         SH:  0    Dex:  9    Spells: 2/2 levels left

rFire   . . .      SeeInvis .   a - +0 hand axe
rCold   . . .      Faith    .   (no shield)
rNeg    . . .      Spirit   .   b - +0 animal skin
rPois   .          Reflect  .   (helmet restricted)
rElec   .          Harm     .   (no cloak)
rCorr   .          Rampage  .   (no gloves)
Will    .....                   (no boots)
Stlth   +.........              (no amulet)
HPRegen 0.11/turn               (no ring)
MPRegen 0.08/turn               (no ring)

@: lethally poisoned (0 -> -10)
A: horns 2, retaliatory headbutt
a: Renounce Religion, Berserk, Trog's Hand


You were on level 2 of the Dungeon.
You worshipped Trog.
Trog was pleased with you.
You visited 1 branch of the dungeon, and saw 2 of its levels.

You collected 45 gold pieces.

Inventory:

Hand Weapons
 a - a +0 hand axe (weapon)
Armour
 b - a +0 animal skin (worn)
Scrolls
 c - a scroll of identify {unknown}
 d - a scroll of enchant weapon {unknown}
 f - a scroll of holy word {unknown}
Potions
 e - a potion of curing {unknown}
 g - a potion of haste {unknown}


   Skills:
 + Level 4.2 Fighting
 + Level 4.2 Axes
 + Level 3.1 Armour
 - Level 2.1 Dodging


You had 2 spell levels left.
You didn't know any spells.
Your spell library was empty.

Dungeon Overview and Level Annotations

Branches:
Dungeon (2/15)

Altars:
Dithmenos


Innate Abilities, Weirdness & Mutations

You have a pair of horns on your head.
You reflexively headbutt those who attack you in melee.


Message History

Trog accepts your kill.
You have reached level 3!
Your experience leads to an increase in your attributes!
Increase (S)trength, (I)ntelligence, or (D)exterity?
You feel stronger. x2
The orc barely misses you. x2
A hobgoblin comes into view.
You barely miss the orc.
The hobgoblin shouts!
You hit the orc. You hit the orc but do no damage.
The orc closely misses you. x2
You furiously retaliate!
You headbutt the orc. The orc barely misses you.
There are monsters nearby!
You hit the orc. Your headbutt misses the orc.
The orc is severely wounded.
You barely miss the orc. You hit the orc but do no damage.
The orc closely misses you. The orc hits you but does no damage.
The orc hits you with a +0 whip of venom.
You are poisoned.
The orc hits you but does no damage. The orc closely misses you.
There are monsters nearby!
You barely miss the orc.
The orc is severely wounded.
You hit the orc. You hit the orc but do no damage.
You feel sick.
The orc hits you with a +0 whip of venom.
You are more poisoned.
The orc barely misses you. You furiously retaliate!
You headbutt the orc. The orc closely misses you.
You slash the orc!
You kill the orc!
Trog accepts your kill.
You closely miss the orc. x2
You feel very sick. The orc closely misses you.
The orc hits you with a +0 hand axe.
You hit the hobgoblin but do no damage. Your headbutt misses the hobgoblin.
You barely miss the orc. You hit the orc but do no damage.
You feel very sick. The hobgoblin hits you.
* * * LOW HITPOINT WARNING * * *
The orc completely misses you. The orc hits you with a +0 hand axe!
You die...

#.......##..........####...##.##
#.....#.##.#.......## ##.###.#
#.._..#.##.##..|..## ### #.#
#...........###...## #.#
#......#.#### ##'## #.#
#.###.##.# #.# #.# #. .. ..# #.#
..# ###.####### .## #.)@......#
#.ogo.###.# #....## .....#.
###.....# #.#.### #.#.# #.#.#


You could see 2 orcs and a hobgoblin.

Vanquished Creatures
  2 orcs (D:2)
  An endoplasm (D:1)
  2 giant cockroaches (D:1)
  2 hobgoblins
  3 jackals (D:1)
  A quokka (D:1)
  4 ball pythons
  2 bats
  2 frilled lizards
  2 kobolds
  7 rats
28 creatures vanquished.

Notes
Turn   | Place    | Note
-------+----------+-------------------------------------------
     0 | D:1      | browni3141 the Minotaur Berserker began the quest for the
                  | Orb.
     0 | D:1      | Reached XP level 1. HP: 19/19 MP: 0/0
   597 | D:1      | Reached XP level 2. HP: 22/27 MP: 1/1
   856 | D:1      | Found a faded altar of an unknown god.
  1169 | D:2      | Reached ** piety under Trog
  1224 | D:2      | Found a shadowy altar of Dithmenos.
  1263 | D:2      | Reached XP level 3. HP: 31/33 MP: 2/2
  1268 | D:2      | Slain by an orc

Illustrated notes

Levels and vault maps discovered:
D:1:      amcnicky_arrival_gap_in_the_tavern_cellar, layout_basic,
          basic_ecumenical_altar
D:2:      layout_loops_corners, basic_altar, roderic_malta_cross

Skill      XL: |  1  2 |
---------------+-------+-----
Axes           | 4 |  4.2
Fighting       | 4 |  4.2
Armour         | 3 |  3.1
Dodging        | |  2.1

Action                   || total
-------------------------++-------
Melee: Hand axe          ||    50
       Headbutt          ||     6
Armor: Animal skin       ||    12
Dodge: Dodged            ||    53
